[Event "Titled Tuesday Blitz October 5 2021"]
[White "Maghsoodloo, Parham"]
[Black "Ozen, Bahadir"]
[WhiteFideId "12539929"]
[BlackFideId "6337058"]
[WhiteElo "2601"]
[BlackElo "2503"]
[Result "1-0"]
[Round "06"]
[TimeControl "180+1"]
[Date "2021.10.05"]
[WhiteClock "0:00:47"]
[BlackClock "0:00:21"]

1. c4 e5 2. g3 Nf6 3. Nc3 d5 4. cxd5 Nxd5 5. Bg2 Nb6 6. e3 Nc6 7. Nge2 h5 8. d4 h4 9. d5 Ne7 10. b3 g5 11. e4 h3 12. Bf1 Ng6 13. Be3 Ba3 14. Qd2 g4 15. Nb5 Bd6 16. a4 Nd7 17. Nec3 Nc5 18. Bc4 O-O 19. O-O Qf6 20. Qe2 a6 21. Nxd6 Qxd6 22. f3 gxf3 23. Qxf3 Bd7 24. b4 Nb3 25. Bxb3 Qxb4 26. d6 Qxb3 27. Nd5 f5 28. Qh5 Be8 29. Rxf5 Qb2 30. Rxf8+ Nxf8 31. Ne7+ Kg7 32. Qh6+ Kf7 33. Rf1+ 1-0


[Site "https://www.chess.com"]

[Event "Titled Tuesday Blitz October 5 2021"]
[White "Maksimovic, Bojan"]
[Black "Golubev, Mikhail"]
[WhiteFideId "14408120"]
[BlackFideId "14100983"]
[WhiteElo "2439"]
[BlackElo "2374"]
[Result "1-0"]
[Round "06"]
[TimeControl "180+1"]
[Date "2021.10.05"]
[WhiteClock "0:00:13"]
[BlackClock "0:00:16"]

1. e4 c5 2. Nf3 d6 3. d4 cxd4 4. Nxd4 Nf6 5. Nc3 g6 6. Be3 Bg7 7. f3 Nc6 8. Qd2 O-O 9. g4 h5 10. g5 Nd7 11. O-O-O Nb6 12. f4 Bg4 13. Be2 Bxe2 14. Qxe2 Rc8 15. e5 Nxd4 16. Bxd4 dxe5 17. Bxe5 Qe8 18. Bxg7 Kxg7 19. Rhe1 e6 20. Qe5+ Kh7 21. Ne4 Qa4 22. Nf6+ Kh8 23. b3 Qxa2 24. Re2 Qxb3 25. Nd7+ f6 26. Nxf6 Qa3+ 27. Qb2 Qxb2+ 28. Kxb2 Nd5 29. Rxe6 Nxf6 30. gxf6 Rc7 31. Re7 Rxe7 32. fxe7 Re8 33. Rd8 1-0


[Site "https://www.chess.com"]

[Event "Titled Tuesday Blitz October 5 2021"]
[White "Martinez Reyes, Pedro Ramon"]
[Black "Arabidze, Meri"]
[WhiteFideId "3901807"]
[BlackFideId "13604040"]
[WhiteElo "2410"]
[BlackElo "2432"]
[Result "0-1"]
[Round "06"]
[TimeControl "180+1"]
[Date "2021.10.05"]
[WhiteClock "0:00:14"]
[BlackClock "0:00:16"]

1. e4 c5 2. Nf3 e6 3. c3 d5 4. exd5 exd5 5. d4 Nc6 6. Bb5 Bd6 7. O-O Ne7 8. Be3 c4 9. b3 cxb3 10. axb3 O-O 11. Nbd2 Nf5 12. Re1 h6 13. Bd3 Qf6 14. b4 Nce7 15. Nf1 Ng6 16. Ng3 Nxe3 17. Rxe3 Nf4 18. Bf1 Bg4 19. Qb3 a6 20. Ne5 Be6 21. Rae1 h5 22. Ne2 Ng6 23. Nc1 h4 24. Ncd3 Rac8 25. Nc5 Bxc5 26. bxc5 Rc7 27. Qb6 Rfc8 28. Nxg6 Qxg6 29. Bd3 Qh6 30. h3 Qf6 31. Rf3 Qh6 32. Rfe3 Qf6 33. Bb1 Re7 34. Ba2 Rd7 35. Qb2 g6 36. Bb3 Kg7 37. Ba4 Rdc7 38. Qb6 Bf5 39. Qb2 Be4 40. Bb3 b6 41. f3 Bf5 42. Bxd5 bxc5 43. Be4 cxd4 44. cxd4 Bxe4 45. Rxe4 Rc2 46. Qa1 Rd2 47. R4e2 Rcc2 48. Rxd2 Rxd2 49. d5 Rxd5 50. Qxf6+ Kxf6 51. Ra1 a5 52. Ra4 g5 53. Kf2 Rb5 54. f4 Kg6 55. Kf3 f6 56. fxg5 fxg5 57. Kf2 Rb2+ 58. Kf3 Rb3+ 59. Kf2 Rb5 60. Kf3 Kf5 61. Ra3 Rc5 62. g3 hxg3 63. Kxg3 Rb5 64. Rc3 a4 65. Rf3+ Kg6 66. Rf2 a3 67. Rf8 Ra5 68. Rf1 a2 69. Ra1 Kf5 70. Kf3 Ra3+ 71. Kg2 Ke4 72. Kh2 Kd4 73. Kg2 Kc4 74. Kh2 Kb3 75. Kg3 Kb2+ 76. Kg4 Kxa1 77. Kxg5 Rxh3 0-1


[Site "https://www.chess.com"]

[Event "Titled Tuesday Blitz October 5 2021"]
[White "Matamoros Franco, Carlos S."]
[Black "Suarez Uriel, Adrian"]
[WhiteFideId "3600017"]
[BlackFideId "22230874"]
[WhiteElo "2554"]
[BlackElo "2314"]
[Result "1-0"]
[Round "06"]
[TimeControl "180+1"]
[Date "2021.10.05"]
[WhiteClock "0:00:08"]
[BlackClock "0:00:01"]

1. Nf3 Nf6 2. g3 g6 3. Bg2 Bg7 4. O-O O-O 5. c4 c5 6. Nc3 Nc6 7. d4 cxd4 8. Nxd4 Qb6 9. Nc2 d6 10. b3 Be6 11. e4 Rfc8 12. Be3 Qd8 13. h3 a5 14. Qd2 Nd7 15. Rad1 Nc5 16. f4 Nb4 17. Nd4 Bd7 18. Qe2 Nc6 19. Ndb5 a4 20. Bxc5 dxc5 21. Nxa4 Nd4 22. Qd3 Bxb5 23. cxb5 Qa5 24. e5 Rab8 25. b6 e6 26. Qc4 Bf8 27. Rf2 Rd8 28. Rc1 h5 29. g4 hxg4 30. hxg4 Be7 31. f5 Bg5 32. fxe6 Bxc1 33. exf7+ Kf8 34. Qxc1 Kg7 35. Bf1 Ne6 36. Qc4 Nf8 37. e6 Qe1 38. Nc3 Qxe6 39. Qf4 Rd3 40. Qxb8 Rg3+ 41. Bg2 Qe1+ 42. Rf1 Qxc3 43. Qf4 Qd4+ 44. Qxd4+ cxd4 45. Kf2 Rxg4 46. Bxb7 Kxf7 47. Bf3 Rg5 48. b7 Rb5 49. Rc1 Ke7 50. Rc8 Nd7 51. Bg4 Rxb7 52. Bxd7 Rxd7 53. Rg8 Kf7 54. Ra8 d3 55. Ke1 d2+ 56. Kd1 g5 57. Ra6 g4 58. Ra4 Kf6 59. Rxg4 Kf5 60. Rg2 Ke4 61. Rxd2 Ra7 62. Kc1 Ke3 63. Rc2 Kd3 64. Kb2 Kd4 65. a4 Kd5 66. Rc4 Rb7 67. Kc3 Rh7 68. a5 Rh3+ 69. Kb4 Rh1 70. Kb5 Ra1 71. Rc5+ Kd6 72. b4 Ra3 73. Rc2 Ra2 74. a6 Rxc2 75. Kb6 Rc6+ 76. Kb7 Rc7+ 77. Kb8 Rd7 78. b5 1-0


[Site "https://www.chess.com"]

[Event "Titled Tuesday Blitz October 5 2021"]
[White "Mikhalevski, Victor"]
[Black "Rasulov, Vugar"]
[WhiteFideId "2801914"]
[BlackFideId "13402390"]
[WhiteElo "2577"]
[BlackElo "2560"]
[Result "1-0"]
[Round "06"]
[TimeControl "180+1"]
[Date "2021.10.05"]
[WhiteClock "0:00:29"]
[BlackClock "0:00:14"]

1. d4 Nf6 2. Nf3 e6 3. c4 Bb4+ 4. Nbd2 O-O 5. a3 Be7 6. e4 d6 7. Bd3 Nbd7 8. Nb1 e5 9. Nc3 exd4 10. Nxd4 Nc5 11. O-O Re8 12. Re1 Nxd3 13. Qxd3 Nd7 14. b3 Nc5 15. Qc2 c6 16. Bf4 Bg5 17. Bg3 Bh4 18. Rad1 Bxg3 19. hxg3 Qf6 20. b4 Nd7 21. Nf5 Re6 22. f4 h5 23. Rd3 Nb6 24. Nxd6 Rxd6 25. e5 Qg6 26. exd6 Bf5 27. Red1 Nxc4 28. d7 Bxd3 29. Qxd3 Qxd3 30. Rxd3 Rd8 31. Ne4 b6 32. Ng5 Kf8 33. a4 Ke7 34. Rc3 b5 35. axb5 cxb5 36. Rd3 f6 37. Nf3 Rxd7 38. Rxd7+ Kxd7 39. Nd4 a6 40. f5 Ne5 41. Ne6 Nd3 42. Nxg7 Nxb4 43. Nxh5 Ke7 44. Nf4 a5 45. Ne2 Nc2 46. Nc3 b4 47. Na4 Nd4 48. g4 Ne2+ 49. Kf2 Nc3 50. Nxc3 bxc3 51. Ke3 Kd6 52. g5 fxg5 53. g4 Kc5 54. Kd3 Kb4 55. Kc2 Kc5 56. Kxc3 Kd5 57. Kb3 Kd6 58. Ka4 Kc6 59. Kxa5 Kc5 60. Ka4 Kc6 61. Kb4 Kd6 62. Kc4 Kc6 63. Kd4 Kd6 64. Ke4 Ke7 65. Ke5 Kf7 66. f6 Kg6 67. Ke6 Kh7 68. f7 1-0


[Site "https://www.chess.com"]

[Event "Titled Tuesday Blitz October 5 2021"]
[White "Mostbauer, Maximilian"]
[Black "Nozdrachev, Leonid"]
[WhiteFideId "1626680"]
[BlackFideId "24113433"]
[WhiteElo "2188"]
[BlackElo "2124"]
[Result "1-0"]
[Round "06"]
[TimeControl "180+1"]
[Date "2021.10.05"]
[WhiteClock "0:00:52"]
[BlackClock "0:00:27"]

1. d4 d6 2. Nf3 Nf6 3. g3 g6 4. Bg2 Bg7 5. O-O O-O 6. b3 Nc6 7. Bb2 Ne4 8. Nbd2 Nxd2 9. Qxd2 e5 10. dxe5 Nxe5 11. Nxe5 Bxe5 12. c4 c6 13. Rad1 Be6 14. c5 Bxb2 15. Qxb2 d5 16. e4 Bg4 17. Rd4 Qf6 18. exd5 cxd5 19. Qd2 Be6 20. Bxd5 Rfd8 21. Rd1 Rac8 22. Bxe6 Rxd4 23. Bxf7+ Kxf7 24. Qxd4 Qxd4 25. Rxd4 Rxc5 26. Rd7+ Kf6 27. Rxb7 Ra5 28. a4 h5 29. h4 Ra6 30. Kg2 Rc6 31. a5 Rc3 32. b4 Rb3 33. b5 g5 34. hxg5+ Kxg5 35. a6 Kg6 36. Rb8 Ra3 37. Kh3 Ra4 38. f4 Ra2 39. Rg8+ Kh6 40. f5 Kh7 41. Ra8 Kh6 42. Rxa7 Kg5 43. Rf7 h4 44. gxh4+ Kf4 45. Rg7 Ra3+ 46. Kh2 Ra5 47. f6 Rxb5 48. f7 Rb8 49. Rg8 1-0


[Site "https://www.chess.com"]

[Event "Titled Tuesday Blitz October 5 2021"]
[White "Nakamura, Hikaru"]
[Black "Timmermans, Mark"]
[WhiteFideId "2016192"]
[BlackFideId "1026399"]
[WhiteElo "2884"]
[BlackElo "2460"]
[Result "1-0"]
[Round "06"]
[TimeControl "180+1"]
[Date "2021.10.05"]
[WhiteClock "0:01:07"]
[BlackClock "0:00:50"]

1. Nf3 Nf6 2. b3 e6 3. Bb2 d5 4. g3 Be7 5. Bg2 O-O 6. O-O b5 7. d3 Bb7 8. Nbd2 Nbd7 9. a4 a6 10. c4 dxc4 11. bxc4 b4 12. a5 c5 13. Nb3 Qc7 14. e4 e5 15. Ne1 Rfd8 16. f4 Bd6 17. Qc1 Nf8 18. fxe5 Bxe5 19. Bxe5 Qxe5 20. Rf5 Qe7 21. Rxc5 g6 22. Qe3 Ne6 23. Rd5 Nxd5 24. exd5 Qg5 25. Qxg5 Nxg5 26. h4 h6 27. hxg5 hxg5 28. Nc2 Rab8 29. Ncd4 Kg7 30. Nc5 Re8 31. Rb1 Ba8 32. Nxa6 1-0


[Site "https://www.chess.com"]

[Event "Titled Tuesday Blitz October 5 2021"]
[White "Noboa Silva, Kevin"]
[Black "Yeritsyan, Hayk"]
[WhiteFideId "3618471"]
[BlackFideId "13307320"]
[WhiteElo "2161"]
[BlackElo "2394"]
[Result "0-1"]
[Round "06"]
[TimeControl "180+1"]
[Date "2021.10.05"]
[WhiteClock "0:00:10"]
[BlackClock "0:01:50"]

1. d4 Nf6 2. c4 c5 3. d5 b5 4. Qc2 bxc4 5. e4 d6 6. Bxc4 g6 7. Nf3 Bg7 8. O-O O-O 9. Re1 Nbd7 10. h3 Nb6 11. Kf1 Nxc4 12. Qxc4 a5 13. Qc2 Ba6+ 14. Kg1 Nd7 15. Bd2 Qb6 16. Bc3 Rfb8 17. Bxg7 Kxg7 18. b3 f6 19. Nbd2 a4 20. h4 axb3 21. axb3 Bb5 22. Rxa8 Rxa8 23. Qb2 Qa5 24. Ng5 Ne5 25. Ne6+ Kf7 26. Qb1 Qxd2 27. Nc7 Ra2 28. Rf1 Bxf1 29. Qxf1 Rc2 30. Kh2 Qxf2 0-1


[Site "https://www.chess.com"]

[Event "Titled Tuesday Blitz October 5 2021"]
[White "Novik, Maxim"]
[Black "Vusatiuk, Vladimir"]
[WhiteFideId "4102924"]
[BlackFideId "14118610"]
[WhiteElo "2316"]
[BlackElo "2167"]
[Result "0-1"]
[Round "06"]
[TimeControl "180+1"]
[Date "2021.10.05"]
[WhiteClock "0:00:50"]
[BlackClock "0:00:06"]

1. d4 Nf6 2. c4 e6 3. Nc3 d5 4. cxd5 exd5 5. Bg5 Be7 6. e3 Nbd7 7. Bd3 O-O 8. Qc2 c6 9. Nge2 Re8 10. O-O Nf8 11. f3 g6 12. Kh1 Ne6 13. Bh4 a5 14. Rad1 Ng7 15. e4 dxe4 16. fxe4 Ng4 17. Bxe7 Qxe7 18. Qd2 Qh4 19. Qf4 Be6 20. h3 Nh5 21. Qf3 Rad8 22. Kg1 Ngf6 23. g4 Ng7 24. Qxf6 Qxh3 25. Qf3 Qxf3 26. Rxf3 Bxg4 27. Rf2 Ne6 28. Bc2 h5 29. e5 Ng5 30. Kg2 b5 31. Ng3 Nh3 32. Rff1 Kg7 33. Rd2 Rxe5 34. Nce4 Red5 35. Bb3 Rxd4 36. Rxf7+ Kh6 37. Rxd4 Rxd4 38. Nf2 Rd2 39. Ne4 Rxb2 40. Kg3 Nxf2 41. Nxf2 Bf5 42. Rc7 a4 43. Bg8 Kg5 44. Nh3+ Bxh3 45. Kxh3 Rc2 46. Be6 Rc3+ 47. Kg2 c5 48. Bd7 Rc2+ 49. Kf3 b4 50. Bxa4 Rxa2 51. Rxc5+ Kh6 52. Bb3 Ra3 53. Kf4 Rxb3 54. Rb5 Rb2 55. Ke3 Rb1 56. Kd2 b3 57. Ke3 b2 58. Kf2 Rh1 59. Kg2 b1=Q 0-1


[Site "https://www.chess.com"]

[Event "Titled Tuesday Blitz October 5 2021"]
[White "Onyshchuk, Volodymyr"]
[Black "Leitao, Rafael"]
[WhiteFideId "14114038"]
[BlackFideId "2101246"]
[WhiteElo "2603"]
[BlackElo "2609"]
[Result "1-0"]
[Round "06"]
[TimeControl "180+1"]
[Date "2021.10.05"]
[WhiteClock "0:00:11"]
[BlackClock "0:00:09"]

1. e4 e5 2. Nf3 Nc6 3. Bc4 Nf6 4. d3 h6 5. Nbd2 d6 6. c3 g6 7. Bb3 Bg7 8. O-O O-O 9. Re1 Re8 10. Nf1 Be6 11. Ba4 a6 12. Ng3 b5 13. Bc2 d5 14. Be3 Qe7 15. h3 Rad8 16. Qc1 Kh7 17. a4 b4 18. a5 bxc3 19. bxc3 dxe4 20. dxe4 Bc4 21. Nd2 Bd3 22. Ba4 Qe6 23. Qa3 Nd7 24. Bb3 Qe7 25. Qxe7 Rxe7 26. Bd5 Ncb8 27. Bc4 Bxc4 28. Nxc4 Re6 29. Nf1 Rc6 30. Nfd2 Nc5 31. f3 Nb3 32. Nxb3 Rxc4 33. Rec1 Bf8 34. Kf2 f5 35. exf5 gxf5 36. Ke2 Rc6 37. g4 f4 38. Bf2 Nd7 39. Rd1 Rxc3 40. Rac1 Rxc1 41. Rxc1 Bd6 42. Nd2 Nf6 43. Rc6 Ra8 44. Nc4 Ne8 45. Bc5 Kg7 46. Bxd6 cxd6 47. Nxd6 Nxd6 48. Rxd6 Rb8 49. Rxa6 Rb3 50. h4 Re3+ 51. Kf2 Ra3 52. g5 hxg5 53. hxg5 Ra2+ 54. Kg1 Kf7 55. Rf6+ Kg7 56. a6 Kg8 57. Kf1 Kg7 58. Ke1 Kh7 59. Kd1 Kg7 60. Kc1 Kh7 61. Kb1 Ra5 62. Kb2 Kg7 63. Kc3 e4 64. fxe4 Rxg5 65. Rf5 Rg1 66. Ra5 f3 67. a7 Rc1+ 68. Kd2 f2 69. a8=Q f1=Q 70. Ra7+ Kf6 71. Qf8+ Ke5 72. Re7+ Kd4 73. Rd7+ Kc4 74. Qc8+ Kb4 75. Rb7+ Ka5 76. Qa8+ Qa6 77. Ra7 1-0


[Site "https://www.chess.com"]

[Event "Titled Tuesday Blitz October 5 2021"]
[White "Oparin, Grigoriy"]
[Black "Siva Mahadevan"]
[WhiteFideId "24125890"]
[BlackFideId "25043153"]
[WhiteElo "2604"]
[BlackElo "2203"]
[Result "1-0"]
[Round "06"]
[TimeControl "180+1"]
[Date "2021.10.05"]
[WhiteClock "0:02:25"]
[BlackClock "0:02:03"]

1. d4 Nf6 2. c4 g6 3. Nf3 Bg7 4. g3 O-O 5. Bg2 d6 6. O-O Nbd7 7. Nc3 e5 8. e4 c6 9. Qc2 Re8 10. Rd1 exd4 11. Nxd4 Ng4 12. h3 Nge5 13. b3 Nc5 14. f4 Ned7 15. Be3 a5 16. Bf2 Qc7 17. Rd2 h5 18. Re1 Nf6 19. Ndb5 cxb5 20. Nxb5 Qe7 21. Nxd6 Ne6 22. f5 Ng5 23. e5 Nd7 24. f6 Nxf6 25. exf6 Qxe1+ 26. Bxe1 Rxe1+ 27. Kf2 1-0


[Site "https://www.chess.com"]

[Event "Titled Tuesday Blitz October 5 2021"]
[White "Paltrinieri, Nicholas"]
[Black "Nguyen Hong Nhung"]
[WhiteFideId "828262"]
[BlackFideId "12412201"]
[WhiteElo "2254"]
[BlackElo "1661"]
[Result "1-0"]
[Round "06"]
[TimeControl "180+1"]
[Date "2021.10.05"]
[WhiteClock "0:00:12"]
[BlackClock "0:00:02"]

1. d4 f5 2. Bg5 g6 3. Nd2 d5 4. h4 Bg7 5. e3 Nf6 6. Bd3 Nc6 7. Ngf3 Be6 8. c4 dxc4 9. Bxc4 Bxc4 10. Nxc4 Ne4 11. Bf4 Qd5 12. Qe2 Rc8 13. Rc1 h6 14. a3 O-O 15. O-O Kh7 16. Rfd1 Rfe8 17. b4 Qb5 18. Qc2 e6 19. Qb3 Bf6 20. Ncd2 Qe2 21. Nxe4 fxe4 22. Rd2 Qb5 23. Rc5 Qb6 24. Ne5 Nxe5 25. Bxe5 Bxh4 26. Qc2 Be7 27. Rc4 Qa6 28. Rc3 Rf8 29. Qxe4 Rf5 30. Rdc2 c6 31. f4 Rcf8 32. g4 R5f7 33. Rh2 Qa4 34. Qd3 Bf6 35. Bxf6 Rxf6 36. g5 R6f7 37. Rxh6+ Kg8 38. Rc2 Rg7 39. Kg2 Kf7 40. Kg3 Rfg8 41. Rc5 Ke7 42. Ra5 1-0


[Site "https://www.chess.com"]

[Event "Titled Tuesday Blitz October 5 2021"]
[White "Papasimakopoulos, Alexandros"]
[Black "Petukhov, Dmitry"]
[WhiteFideId "4244125"]
[BlackFideId "4142748"]
[WhiteElo "2352"]
[BlackElo "2356"]
[Result "1-0"]
[Round "06"]
[TimeControl "180+1"]
[Date "2021.10.05"]
[WhiteClock "0:02:09"]
[BlackClock "0:00:43"]

1. d4 Nf6 2. c4 g6 3. Nc3 d5 4. Nf3 Bg7 5. Qb3 dxc4 6. Qxc4 O-O 7. e4 a6 8. Be2 b5 9. Qb3 Bb7 10. e5 Nd5 11. O-O c5 12. dxc5 Nxc3 13. Qxc3 Nc6 14. Bf4 b4 15. Qc2 Nd4 16. Qd1 Nxe2+ 17. Qxe2 Qd5 18. Rfd1 Qxc5 19. Rac1 Qa5 20. b3 Rfd8 21. e6 1-0


[Site "https://www.chess.com"]

[Event "Titled Tuesday Blitz October 5 2021"]
[White "Pavlidis, Anastasios"]
[Black "Shuvalov, Evgenij"]
[WhiteFideId "4208404"]
[BlackFideId "4187237"]
[WhiteElo "2136"]
[BlackElo "2129"]
[Result "0-1"]
[Round "06"]
[TimeControl "180+1"]
[Date "2021.10.05"]
[WhiteClock "0:00:41"]
[BlackClock "0:00:28"]

1. e4 e6 2. d4 d5 3. Nc3 Bb4 4. e5 c5 5. a3 Bxc3+ 6. bxc3 Ne7 7. Qg4 cxd4 8. Qxg7 Rg8 9. Qxh7 Qc7 10. Ne2 Nbc6 11. f4 dxc3 12. Qd3 d4 13. g3 b6 14. Bg2 Bb7 15. Rg1 O-O-O 16. Rb1 Nf5 17. a4 Na5 18. Bxb7+ Qxb7 19. Ba3 Ne3 20. Bd6 Nc6 21. Nxc3 dxc3 22. Qxe3 Qa6 23. Qxc3 Kb7 24. Ra1 Rc8 25. Qd3 Qa5+ 26. Kf2 Nb4 27. Qe4+ Nd5 28. Rgd1 Rc3 29. Rab1 Rgc8 30. Rd2 R3c4 31. Qh7 Qxd2+ 32. Kf3 Rxc2 33. Qxf7+ R8c7 0-1


[Site "https://www.chess.com"]

[Event "Titled Tuesday Blitz October 5 2021"]
[White "Pichot, Alan"]
[Black "Boyer, Mahel"]
[WhiteFideId "110973"]
[BlackFideId "45102422"]
[WhiteElo "2600"]
[BlackElo "2328"]
[Result "1-0"]
[Round "06"]
[TimeControl "180+1"]
[Date "2021.10.05"]
[WhiteClock "0:00:54"]
[BlackClock "0:00:03"]

1. e4 Nc6 2. Nf3 d5 3. e5 Bg4 4. Bb5 e6 5. h3 Bxf3 6. Qxf3 Ne7 7. d4 a6 8. Bxc6+ Nxc6 9. c3 f6 10. Qg4 fxe5 11. Qxe6+ Qe7 12. Qxe7+ Bxe7 13. dxe5 Nxe5 14. O-O O-O 15. Nd2 Bc5 16. Nb3 Bb6 17. Nd4 Rae8 18. Rd1 Nc4 19. b3 Nd6 20. Ba3 Ne4 21. Bxf8 Nxc3 22. Re1 Rxf8 23. Nf3 d4 24. Ne5 h6 25. Nd3 Rf7 26. a4 c5 27. Re8+ Rf8 28. Re6 Rf6 29. Rae1 Kf7 30. Re7+ Kg6 31. R1e6 Nd5 32. Rxf6+ gxf6 33. Rxb7 Kf5 34. f3 Ba5 35. Nxc5 Nf4 36. g3 Nxh3+ 37. Kg2 Ng5 38. b4 Bd8 39. Rd7 Bb6 40. Nd3 Ke6 41. Rb7 Bd8 42. b5 axb5 43. Rxb5 Nf7 44. a5 Nd6 45. Rh5 Nc4 46. a6 Bb6 47. Rb5 Kd6 48. Rb4 1-0


[Site "https://www.chess.com"]

[Event "Titled Tuesday Blitz October 5 2021"]
[White "Piesik, Piotr"]
[Black "Garcia Blanco, Omar"]
[WhiteFideId "1136194"]
[BlackFideId "2287153"]
[WhiteElo "2336"]
[BlackElo "2291"]
[Result "0-1"]
[Round "06"]
[TimeControl "180+1"]
[Date "2021.10.05"]
[WhiteClock "0:00:53"]
[BlackClock "0:00:58"]

1. Nf3 Nf6 2. g3 g6 3. Bg2 Bg7 4. O-O O-O 5. d4 d6 6. Nbd2 d5 7. c4 c6 8. Qb3 Nbd7 9. cxd5 cxd5 10. Ne5 Nb6 11. Ndf3 Ne4 12. Bf4 Be6 13. Rfc1 Rc8 14. Qd1 f6 15. Nd3 Bf7 16. b3 Qd7 17. Rxc8 Rxc8 18. Rc1 h5 19. h4 Be6 20. Nc5 Nxc5 21. dxc5 Na8 22. Nd4 Bf7 23. Bd2 e5 24. Nf3 Nc7 25. b4 Ne6 26. e3 a5 27. a3 axb4 28. axb4 Ra8 29. Qb3 Nc7 30. Ne1 Nb5 31. Qb2 d4 32. exd4 Nxd4 33. Bc3 Ra2 34. Qb1 Ne2+ 35. Kh2 Nxc1 36. Qxc1 Rxf2 37. Qe3 Ra2 38. Kh1 Bd5 39. Nf3 Bc6 40. Nd2 Bxg2+ 41. Kxg2 Qd5+ 42. Kf2 Kh7 43. b5 Bh6 0-1


[Site "https://www.chess.com"]

[Event "Titled Tuesday Blitz October 5 2021"]
[White "Pridorozhni, Aleksei"]
[Black "Abdusattorov, Nodirbek"]
[WhiteFideId "4127870"]
[BlackFideId "14204118"]
[WhiteElo "2565"]
[BlackElo "2690"]
[Result "1-0"]
[Round "06"]
[TimeControl "180+1"]
[Date "2021.10.05"]
[WhiteClock "0:00:22"]
[BlackClock "0:00:01"]

1. e4 c5 2. Nc3 e6 3. Nf3 Nc6 4. d4 cxd4 5. Nxd4 Nf6 6. Ndb5 Bc5 7. Bf4 O-O 8. Bc7 Qe7 9. Bd6 Bxd6 10. Qxd6 Qd8 11. Nc7 Rb8 12. O-O-O b5 13. N7xb5 Qb6 14. Na4 Qxf2 15. Nbc3 Nb4 16. Qd2 Qxd2+ 17. Rxd2 d5 18. a3 Nc6 19. exd5 exd5 20. Nxd5 Ne4 21. Re2 Bf5 22. Nac3 Nxc3 23. Nxc3 Rfd8 24. Rf2 g6 25. Be2 Nd4 26. Bd1 Rd6 27. Re1 Rdb6 28. Rd2 Rd6 29. g4 Be6 30. Ne4 Rdd8 31. Nc5 Rbc8 32. b4 Bc4 33. Kb2 a5 34. Re4 axb4 35. axb4 Nb5 36. Rxd8+ Rxd8 37. Rxc4 Rxd1 38. Ne4 Kg7 39. Rc5 Na7 40. c3 Re1 41. Nd6 Re6 42. Nc8 Nc6 43. b5 Ne5 44. Kb3 Nxg4 45. b6 Re1 46. Ka4 Rb1 47. Rb5 Ra1+ 48. Kb4 Nf6 49. Kc5 Rc1 50. Rb3 Ne4+ 51. Kd4 Nd2 52. Rb4 Nf3+ 53. Kc4 Ne5+ 54. Kb3 Nc6 55. b7 Nxb4 56. cxb4 Rf1 57. b8=Q h5 58. Qe5+ Kh7 59. Nd6 Rf3+ 60. Kc4 Rf2 61. b5 h4 62. b6 Rc2+ 63. Kd5 Re2 64. Qxe2 1-0


[Site "https://www.chess.com"]

[Event "Titled Tuesday Blitz October 5 2021"]
[White "Quintiliano Pinto, Renato R."]
[Black "Demchenko, Anton"]
[WhiteFideId "2117568"]
[BlackFideId "4160258"]
[WhiteElo "2439"]
[BlackElo "2583"]
[Result "0-1"]
[Round "06"]
[TimeControl "180+1"]
[Date "2021.10.05"]
[WhiteClock "0:00:02"]
[BlackClock "0:00:17"]

1. Nf3 Nf6 2. d4 e6 3. c4 b6 4. g3 Bb7 5. Bg2 Bb4+ 6. Nbd2 O-O 7. O-O Be7 8. Qc2 c5 9. e4 Nc6 10. d5 Nb4 11. Qb1 exd5 12. exd5 d6 13. a3 Na6 14. Re1 Nc7 15. Qd3 b5 16. b3 bxc4 17. bxc4 Ba6 18. Qc2 Rb8 19. Bb2 Nd7 20. Rab1 Nb6 21. Bf1 Qd7 22. Bd3 h6 23. Ne4 Rfd8 24. Qc3 Ne8 25. Qc2 Rb7 26. Ned2 Rdb8 27. Ba1 Nf6 28. Bf5 Qd8 29. Ne4 Ne8 30. Ned2 Nd7 31. Rxb7 Rxb7 32. Bh7+ Kh8 33. Bf5 Ndf6 34. Ne4 Rb8 35. Nfd2 Ng8 0-1


[Site "https://www.chess.com"]

[Event "Titled Tuesday Blitz October 5 2021"]
[White "Reprintsev, Alexander"]
[Black "Tologon tegin, Semetei"]
[WhiteFideId "14100541"]
[BlackFideId "13800574"]
[WhiteElo "2126"]
[BlackElo "2224"]
[Result "1-0"]
[Round "06"]
[TimeControl "180+1"]
[Date "2021.10.05"]
[WhiteClock "0:00:30"]
[BlackClock "0:00:03"]

1. e4 c5 2. b3 g6 3. Bb2 Nf6 4. e5 Nd5 5. Nc3 Nxc3 6. dxc3 Bg7 7. Qd5 Qc7 8. Nf3 O-O 9. O-O-O a5 10. a4 b6 11. c4 Bb7 12. Qd3 Rd8 13. h4 h5 14. Be2 Nc6 15. Qe3 Bc8 16. Qg5 d6 17. exd6 Rxd6 18. Bxg7 Kxg7 19. Bd3 Bg4 20. Rde1 Rad8 21. Ne5 Nb4 22. f3 Bc8 23. g4 Nxd3+ 24. Nxd3 f6 25. Qe3 Re6 26. Qf2 Rxe1+ 27. Rxe1 hxg4 28. h5 e5 29. hxg6 Rh8 30. fxg4 Bxg4 31. Qg2 Bf5 32. Rg1 Bxd3 33. cxd3 Qd7 34. Qe4 Rh3 35. Kc2 Rh2+ 36. Kb1 Rd2 37. Rg3 Rd1+ 38. Kc2 Rf1 39. Qh4 Rf2+ 40. Kc1 Kg8 41. g7 1-0


[Site "https://www.chess.com"]

[Event "Titled Tuesday Blitz October 5 2021"]
[White "Rosenberg, Evan S"]
[Black "Petesch, Gabriel"]
[WhiteFideId "2019299"]
[BlackFideId "2032465"]
[WhiteElo "2262"]
[BlackElo "2374"]
[Result "1-0"]
[Round "06"]
[TimeControl "180+1"]
[Date "2021.10.05"]
[WhiteClock "0:00:21"]
[BlackClock "0:00:03"]

1. Nf3 Nf6 2. c4 c6 3. d4 d5 4. Nc3 g6 5. Bg5 Bg7 6. e3 Ne4 7. Nxe4 dxe4 8. Nd2 Qa5 9. Bh4 e5 10. d5 O-O 11. Be7 Re8 12. b4 Qa3 13. d6 Bf8 14. Bxf8 Kxf8 15. Qb3 Qxb3 16. axb3 f5 17. c5 Be6 18. Bc4 Kf7 19. Bxe6+ Kxe6 20. Nc4 Nd7 21. Ke2 b6 22. Ra6 bxc5 23. bxc5 Nxc5 24. Rxc6 Nxb3 25. Rb1 Rec8 26. Rc7 Rab8 27. Rxb3 Rxb3 28. Rxc8 Rc3 29. d7 Kxd7 30. Nb6+ 1-0


[Site "https://www.chess.com"]

[Event "Titled Tuesday Blitz October 5 2021"]
[White "Rustemov, Alexander"]
[Black "Gontcharov, Vladislav"]
[WhiteFideId "4119002"]
[BlackFideId "4123492"]
[WhiteElo "2796"]
[BlackElo "2503"]
[Result "1-0"]
[Round "06"]
[TimeControl "180+1"]
[Date "2021.10.05"]
[WhiteClock "0:00:25"]
[BlackClock "0:00:02"]

1. d4 Nf6 2. c4 e6 3. Nf3 d5 4. Nc3 Nbd7 5. cxd5 exd5 6. Bg5 c6 7. e3 Bb4 8. Bd3 Qa5 9. Qc2 h6 10. Bh4 O-O 11. O-O Re8 12. Rfc1 g5 13. Bg3 Nh5 14. Ne2 Nxg3 15. Nxg3 Bf8 16. Bf5 Bg7 17. a3 a6 18. b4 Qb6 19. Rab1 Nf8 20. Bxc8 Raxc8 21. Nf5 Qd8 22. h3 Ng6 23. a4 Qd7 24. g4 Re4 25. Nd2 Ree8 26. Nf1 Ne7 27. N1g3 Nxf5 28. Nxf5 Bf8 29. Kg2 Qe6 30. Qe2 f6 31. Qf3 Kf7 32. h4 gxh4 33. Rh1 Qe4 34. Qxe4 Rxe4 35. Rxh4 b6 36. Kf3 Kg6 37. Rbh1 c5 38. bxc5 bxc5 39. dxc5 Rxc5 40. Nxh6 Rxa4 41. Nf5 Ra2 42. Rh8 Rcc2 43. Rxf8 Rxf2+ 44. Kg3 Rg2+ 45. Kh3 a5 46. Nh4+ Kg7 47. Nxg2 Kxf8 48. Rd1 a4 49. Rxd5 a3 50. Ra5 Ra1 51. Nf4 a2 52. Kg2 Kf7 53. Ra7+ Kf8 54. Ne2 Kg8 55. Nc3 Re1 56. Rxa2 Rxe3 57. Nd5 Re6 58. Kf3 Rd6 59. Ra8+ Kf7 60. Ne3 Rb6 61. Ra7+ 1-0


[Site "https://www.chess.com"]